 Dungeon Crawl Stone Soup version 0.17-a0-1378-g281efdd (webtiles) character file.

15 InterDimensionalOwl the Vexing (level 2, -1/11 HPs)
             Began as a Felid Enchanter on June 14, 2015.
             Slain by a rat (3 damage)
             ... on level 1 of the Dungeon.
             The game lasted 00:05:04 (633 turns).

InterDimensionalOwl the Vexing (Felid Enchanter)     Turns: 633, Time: 00:05:05

Health: -1/11      AC:  1    Str:  4    XL:     2   Next: 34%
Magic:  1/6        EV: 18    Int: 16    God:
Gold:   6          SH:  0    Dex: 16    Spells: 2 memorised, 3 levels left
                                        Lives:  0   Deaths: 0

rFire  . . .     SeeInvis +       - Unarmed
rCold  . . .     Clarity  .     (armour unavailable)
rNeg   . . .     SustAt   .     (shield unavailable)
rPois  .         Gourm    .     (helmet unavailable)
rElec  .         Spirit   .     (cloak unavailable)
rCorr  .         Warding  .     (gloves unavailable)
rMut   .         Stasis   .     (boots unavailable)
MR     .....                    (no amulet)
Stlth  +++.......               (no ring)
                                (no ring)

@: quick, not resistant to hostile enchantments, fairly stealthy
A: no armour, no weapons or thrown items, claws 1, fangs 3, see invisible,
carnivore 3, speed 1, shaggy fur 1, slow metabolism 1, sharp paws
a: no special abilities


You were on level 1 of the Dungeon.
You were not hungry.

You visited 1 branch of the dungeon, and saw 1 of its levels.

You collected 6 gold pieces.

Inventory:

Scrolls
 c - a scroll of magic mapping {unknown}
 e - a scroll of fear {unknown}
 f - a scroll of amnesia {unknown}
Potions
 g - a potion of haste {unknown}
Books
 a - a book of Maledictions

   Spells                             Type                      Level
   a - Corona                         Hexes                        1
   b - Ensorcelled Hibernation        Hexes/Ice                    2
   c - Confuse                        Hexes                        3
   d - Tukima's Dance                 Hexes                        3
   e - Dazzling Spray                 Conjuration/Hexes            3
Comestibles
 b - a meat ration
 d - a royal jelly


   Skills:
 - Level 2.6 Dodging
 - Level 4.0 Stealth
 - Level 1.1 Unarmed Combat
 + Level 2.5 Spellcasting
 + Level 4.8 Hexes


You had 3 spell levels left.
You knew the following spells:

 Your Spells              Type           Power        Failure   Level  Hunger
a - Corona                Hex            ###....      2%          1    #......
b - Ensorcelled Hibernat  Hex/Ice        #.....       12%         2    ##.....


Dungeon Overview and Level Annotations

Branches:
Dungeon (1/15)

Altars:


Innate Abilities, Weirdness & Mutations

You cannot wear armour.
You are incapable of wielding weapons or throwing items.
You have sharp claws.
You have razor-sharp teeth.
You have supernaturally acute eyesight.
You are carnivorous and can eat meat at any time.
You cover ground quickly.
You are covered in fur (AC +1).
You have a slow metabolism.
Your sharp claws are effective at attacking unaware monsters.


Message History

The rat bites you.
Casting: Ensorcelled Hibernation
Confirm with . or Enter, or press ? or * to list all spells.
You don't have enough magic to cast that spell.
Unknown command.
Casting: Ensorcelled Hibernation
Confirm with . or Enter, or press ? or * to list all spells.
You don't have enough magic to cast that spell.
You scratch the rat.
The rat begins to bleed from its wounds!
The rat is heavily wounded.
The rat misses you.
You scratch the rat.
The rat is severely wounded.
The rat bites you.
* * * LOW HITPOINT WARNING * * *
You barely miss the rat.
The rat is severely wounded.
The rat bites you.
You die...

...## #.## .#..# #..##
.##.#########...######
.............#..#....#
###.########.........#
#.# #####.....# #.#
#.....# #.# #...(.#
#.# #@....# ###.#
#r....# ##..#####
##.#### .........# ..
#######... ...
..######... .?..
#.......... .....
#..######## .....#
#..#


You could see a rat (bleeding).

Vanquished Creatures
  A giant gecko (D:1)
  A goblin (D:1)
  3 hobgoblins (D:1)
  4 bats (D:1)
  A giant cockroach (D:1)
  A giant newt (D:1)
  2 rats (D:1)
13 creatures vanquished.

Notes
Turn   | Place    | Note
--------------------------------------------------------------
     0 | D:1      | InterDimensionalOwl the Felid Enchanter began the quest for the Orb.
     0 | D:1      | Reached XP level 1. HP: 7/7 MP: 4/4
   392 | D:1      | Reached XP level 2. HP: 7/11 MP: 6/6
   396 | D:1      | Learned a level 2 spell: Ensorcelled Hibernation
   633 | D:1      | Slain by a rat

Vault maps used:
D:1:      ncdulo_smallfort

Action                   || total
-------------------------++-------
Melee: Unarmed           ||    26
 Cast: Corona            ||     2
       Ensorcelled Hiber ||     4
 Stab: Sleeping          ||     8
  Eat: Chunk             ||     2
